 Dungeon Crawl Stone Soup version 0.32-a0-898-g7811c86cf0 (webtiles) character file.

Game seed: 17984787244840726784

1291 GiantSquids the Cleaver (level 8, 0/62 (63) HPs)
             Began as a Mountain Dwarf Fighter on Apr 4, 2024.
             Slain by a wight
             ... wielding a +5 falchion of freezing
              (1 damage)
             ... on level 6 of the Dungeon on Apr 5, 2024.
             The game lasted 00:07:52 (4708 turns).

GiantSquids the Cleaver (Mountain Dwarf Fighter)    Turns: 4708, Time: 00:07:52

HP:   0/62 (63)     AC: 14    Str: 27    XL:     8   Next: 30%
MP:   8/8           EV:  6    Int:  9    God:
Gold: 87            SH:  5    Dex: 15    Spells: 7/7 levels left

rFire   . . .        I - +0 battleaxe
rCold   . . .        (shield currently unavailable)
rNeg    . . .        w - +0 plate armour
rPois   .            (no helmet)
rElec   .            (no cloak)
rCorr   .            l - +2 pair of gloves
SInv    .            (no boots)
Will    .....        v - amulet of reflection Stlth
                     m - +6 ring of dexterity
HPRegen 0.30/turn    y - +6 ring of strength
MPRegen 0.11/turn

%: reflection
@: lightly drained
A: runic magic, artefact enchanting
a: no special abilities


You were on level 6 of the Dungeon.
You visited 2 branches of the dungeon, and saw 7 of its levels.

You collected 167 gold pieces.
You spent 80 gold pieces at shops.

Inventory:

Hand Weapons
 I - a +0 battleaxe (weapon)
Missiles
 u - 5 javelins (quivered)
 C - 5 boomerangs
Armour
 l - a +2 pair of gloves (worn)
 w - a +0 plate armour (worn)
Jewellery
 m - a +6 ring of dexterity (left hand)
 r - a ring of wizardry
 v - an amulet of reflection (around neck)
 y - a +6 ring of strength (right hand)
 z - an amulet of the acrobat
Talismans
 i - a talisman of death
Wands
 t - a wand of charming (12)
 D - a wand of mindburst (14)
Scrolls
 e - a scroll of fog {unknown}
 f - a scroll of revelation {unknown}
 g - a scroll of enchant weapon {unknown}
 j - 3 scrolls of vulnerability {unknown}
 k - 7 scrolls of identify {unknown}
 s - a scroll of amnesia {unknown}
 A - a scroll of noise {unknown}
 B - a scroll of fear {unknown}
 E - a scroll of teleportation
 G - a scroll of summoning {unknown}
 H - a scroll of poison {unknown}
Potions
 d - 3 potions of might
 h - a potion of haste {unknown}
 n - 2 potions of ambrosia {unknown}
 o - 4 potions of curing {unknown}
 p - a potion of enlightenment {unknown}
 q - 5 potions of heal wounds
 x - 2 potions of brilliance {unknown}
 F - a potion of resistance {unknown}


   Skills:
 - Level 3.2 Fighting
 + Level 12.2 Axes
 - Level 3.2 Armour
 - Level 3.2 Shields


You had 7 spell levels left.
You didn't know any spells.
Your spell library contained the following spells:

 Spells                   Type           Power      Damage    Failure   Level
 Magic Dart               Conj           0%         1d3       61%         1
 Blink                    Tloc           0%         N/A       75%         2
 Call Imp                 Summ           0%         N/A       75%         2


Dungeon Overview and Level Annotations

Branches:
Dungeon (6/15)             Temple (1/1) D:4

Altars:
Ashenzari
Cheibriados
Dithmenos
Nemelex Xobeh
Ru
Sif Muna
Uskayaw
Wu Jian
Xom

Shops:
D:1 *   D:4 **

Annotations:
D:6 Grinder


Innate Abilities, Weirdness & Mutations

Your spellcasting is much less encumbered by armour.
You can use scrolls of enchantment on lesser artefacts.


Message History

You slash the sleepcap!
You destroy the sleepcap!
Found an escape hatch in the ceiling.
You now have 87 gold pieces (gained 10).
A wight is nearby!
A wight is nearby!
Grinder comes into view.
Grinder shouts!
The wight barely misses you.
Grinder blinks!
You slash the wight!
The wight is severely damaged.
You hit Grinder but do no damage.
The wight hits you with a +5 falchion of freezing!
The wight freezes you. Grinder gestures at you.
You suddenly lose the ability to move!
The wight hits you but does no damage. Grinder hits you.
You writhe in agony.
Grinder hits you but does no damage.
The wight hits you with a +5 falchion of freezing.
You feel drained. The wight freezes you. The wight hits you but does no damage.
Grinder hits you but does no damage.
The wight hits you with a +5 falchion of freezing!
The wight freezes you.
The wight hits you with a +3 morningstar!
* * * LOW HITPOINT WARNING * * *
Grinder hits you but does no damage.
The wight hits you with a +5 falchion of freezing.
* * * LOW HITPOINT WARNING * * *
The wight freezes you.
* * * LOW HITPOINT WARNING * * *
You can move again.
You barely miss Grinder. You slash the wight! You closely miss the wight.
The wight hits you with a +3 morningstar!
* * * LOW HITPOINT WARNING * * *
Grinder barely misses you. The wight hits you but does no damage.
You closely miss Grinder. You completely miss the wight. x2
The wight hits you with a +5 falchion of freezing.
* * * LOW HITPOINT WARNING * * *
The wight freezes you.
You die...

#.....#..##+# #........
#.....#..........
#........ #.....#.........
#........ #.....# .......
#........ #.....#. ....
#........
.z...#'####'######........
#..................#######
#<......z.5........#
#.......z@.........#
#..................#
#...............<..#
.....###############
.....# .....# ......#


You could see Grinder and 2 wights.

Vanquished Creatures
  Eustachio (D:5)
  An orc warrior (D:6)
  2 ogres
  A phantom (D:5)
  A scorpion (D:5)
  2 wights (D:5)
  4 hounds
  A jelly (D:5)
  An orc priest (D:5)
  A sleepcap (D:6)
  A gnoll bouda (D:5)
  2 iguanas
  4 orc wizards
  12 gnolls
  5 adders
  A white imp (D:5)
  2 ufetubi (D:5)
  A dart slug (D:1)
  3 ribbon worms
  9 orcs
  7 endoplasms
  3 giant cockroaches
  8 goblins
  5 hobgoblins
  4 jackals
  4 kobolds
  6 quokkas
  7 ball pythons
  3 bats
  2 frilled lizards (D:2)
  7 rats
111 creatures vanquished.

Notes
Turn   | Place    | Note
-------+----------+-------------------------------------------
     0 | D:1      | GiantSquids the Mountain Dwarf Fighter began the quest for
                  | the Orb.
     0 | D:1      | Reached XP level 1. HP: 19/19 MP: 1/1
    58 | D:1      | Reached skill level 3 in Axes
    67 | D:1      | Reached XP level 2. HP: 21/26 MP: 2/2
   505 | D:1      | Found Cecodiss's General Store.
   626 | D:2      | Reached skill level 4 in Axes
   626 | D:2      | Reached XP level 3. HP: 31/31 MP: 3/3
  1744 | D:3      | Reached skill level 5 in Axes
  1753 | D:3      | Reached XP level 4. HP: 26/38 MP: 4/4
  1967 | D:3      | Reached skill level 6 in Axes
  2222 | D:4      | Found a staircase to the Ecumenical Temple.
  2236 | Temple   | Entered the Ecumenical Temple
  2255 | D:4      | Reached XP level 5. HP: 40/45 MP: 5/5
  2354 | D:4      | Found Vaiwiam's General Store.
  2376 | D:4      | Noticed an ogre
  2392 | D:4      | Killed an ogre
  2393 | D:4      | Reached skill level 7 in Axes
  2396 | D:4      | Reached XP level 6. HP: 34/51 MP: 6/6
  2915 | D:4      | Found Axig Kiofycy's General Store.
  2928 | D:4      | Bought a potion of heal wounds for 50 gold pieces
  2928 | D:4      | Bought a scroll of teleportation for 30 gold pieces
  3163 | D:5      | Entered Level 5 of the Dungeon
  3214 | D:5      | Reached skill level 8 in Axes
  3513 | D:5      | Reached skill level 9 in Axes
  3585 | D:5      | Noticed Eustachio
  3601 | D:5      | Killed Eustachio
  3602 | D:5      | Reached XP level 7. HP: 41/57 MP: 7/7
  3670 | D:5      | Reached skill level 10 in Axes
  4021 | D:5      | Reached skill level 11 in Axes
  4143 | D:5      | Found a sacrificial altar of Ru.
  4143 | D:5      | Found a shadowy altar of Dithmenos.
  4206 | D:5      | Found a broken altar of Ashenzari.
  4320 | D:5      | Reached XP level 8. HP: 63/63 MP: 8/8
  4572 | D:6      | Reached skill level 12 in Axes
  4701 | D:6      | Noticed Grinder
  4702 | D:6      | Paralysed by Grinder for 5 turns
  4708 | D:6      | HP: 1/62 [wight/+5 falchion of freezing (5)]
  4708 | D:6      | Slain by a wight

Illustrated notes

Levels and vault maps discovered:
D:1:      ncdulo_lavacross, layout_basic, serial_shops, shop
D:2:      layout_loops_corners
D:3:      layout_rooms
D:4:      layout_basic, minmay_temple_entry_grid, serial_shops, shop, shop
D:5:      layout_gridville, mainiacjoe_overflow_alcove_2,
          gammafunk_temple_overflow_pools, uniq_eustachio
D:6:      layout_gridville, grunt_temple_overflow_lords_of_destruction,
          uniq_grinder
Temple:   hellmonk_temple_micro_hex

Skill      XL: |  1  2  3  4  5  6  7  8 |
---------------+-------------------------+-----
Axes           | 3 4 5 6 7 9 11 12 | 12.2
Fighting       | |  3.2
Armour         | |  3.2
Shields        | |  3.2

Action                     |  1- 3 |  4- 6 |  7- 9 || total
---------------------------+-------+-------+-------++-------
  Melee: War axe           |   122 |   123 |    79 ||   324
         Battleaxe         |       |       |     7 ||     7
 Armour: Scale mail        |    96 |    13 |       ||   109
         Plate armour      |       |   127 |    90 ||   217
  Dodge: Dodged            |    58 |    59 |    26 ||   143
  Block: Buckler           |    25 |    67 |    37 ||   129
         Reflection        |       |     2 |       ||     2

Table legend: (Time is in decaauts)
 A = Elapsed time spent in this place.
 B = Non-inter-level travel time spent in this place.
 C = Inter-level travel time spent in this place.
 D = Time resting spent in this place.
 E = Time spent auto-exploring this place.
 F = Levels seen in this place.
 G = Mean time per level.
                   A        B        C        D        E       F      G
               +--------+--------+--------+--------+--------+-----+--------+
         Total |   4765 |   4569 |    196 |      0 |   3687 |   7 |  680.7 |
       Dungeon |   4763 |   4567 |    196 |      0 |   3687 |   6 |  793.8 |
        Temple |      1 |      1 |      0 |      0 |      0 |   1 |    1.0 |
               +--------+--------+--------+--------+--------+-----+--------+

Top non-repeatable levels by time:
     D:5: 1357 daAuts
     D:2: 1188 daAuts
     D:4: 949 daAuts
     D:1: 584 daAuts
     D:3: 493 daAuts
     D:6: 190 daAuts
  Temple: 1 daAuts
